TOP OF THE 1ST |
Iowa Cubs batting - Pitching for Sacramento River Cats : RHP Dave Crouch
|
Pitching: RHP Dave Crouch
|
|
Batting: SHB Seung-ho Zhang
|
0-0: SINGLE (Groundball, 4D, EV 98.8 MPH)
|
Batting: RHB Jon Aguilar
|
0-0: Ball 1-0: Called Strike 1-1: SINGLE (Groundball, 6D, EV 95.6 MPH) Seung-ho Zhang to second
|
Batting: LHB Mark Ingram
|
0-0: Called Strike 0-1: Fly out, F9 (Line Drive, 9S, EV 86.2 MPH)
|
Batting: RHB Ricardo Aguinaga
|
0-0: Called Strike 0-1: Foul Ball, location: 2F 0-2: Ball 1-2: Grounds into double play, 4-6-3 (Groundball, 4S, EV 86.9 MPH)
|
Top of the 1st over - 0 runs, 2 hits, 0 errors, 1 left on base; Iowa 0 - Sacramento 0 |
BOTTOM OF THE 1ST |
Sacramento River Cats batting - Pitching for Iowa Cubs : RHP Michele Montella
|
Pitching: RHP Michele Montella
|
|
Batting: LHB Ryan Braden
|
0-0: Called Strike 0-1: Ball 1-1: DOUBLE (Line Drive, 7LM, EV 94.4 MPH)
|
Batting: LHB Mason Duffy
|
0-0: Ball 1-0: Ball 2-0: Foul Ball, location: 2F 2-1: Swinging Strike 2-2: Strikes out swinging
|
Batting: LHB Kevin Kantor
|
0-0: Called Strike 0-1: Ball 1-1: Fly out, F7 (Flyball, 7D, EV 91.2 MPH) Runner from 2nd tags up, SAFE at 3rd, no throw by LF
|
Batting: LHB Willie Ceniceros
|
0-0: Ball 1-0: Called Strike 1-1: Fly out, F9 (Line Drive, 89M, EV 97.5 MPH)
|
Bottom of the 1st over - 0 runs, 1 hit, 0 errors, 1 left on base; Iowa 0 - Sacramento 0 |
TOP OF THE 2ND |
Iowa Cubs batting - Pitching for Sacramento River Cats : RHP Dave Crouch
|
Batting: RHB Adam O'Hare
|
0-0: Ball 1-0: Foul Ball, location: 2F 1-1: Ball 2-1: Ball 3-1: Reached on error, E1 (Groundball, 13S, EV 73.8 MPH)
|
Batting: RHB Brian Gargis
|
0-0: Called Strike 0-1: Ball 1-1: Ball 2-1: Foul Ball, location: 2F 2-2: Ground out 5-3 (Groundball, 5S, EV 76.2 MPH) Adam O'Hare to third
|
Batting: RHB Ryan Walker
|
0-0: Ball 1-0: Foul Ball, location: 2F 1-1: Fly out, F8 (Flyball, 8LXD, EV 83.1 MPH) Runner from 3rd tags up, SCORES, no throw by CF
|
Batting: RHB Pat Barton
|
0-0: SINGLE (Line Drive, 4M, EV 98.1 MPH)
|
Batting: RHB Tony Mendez
|
0-0: Ball 1-0: Fielders Choice at 2nd, 6-4 (Groundball, 6, EV 103.1 MPH)
|
Top of the 2nd over - 1 run, 1 hit, 1 error, 1 left on base; Iowa 1 - Sacramento 0 |
BOTTOM OF THE 2ND |
Sacramento River Cats batting - Pitching for Iowa Cubs : RHP Michele Montella
|
Batting: LHB Jared Paige
|
0-0: Ball 1-0: Ball 2-0: Foul Ball, location: 2F 2-1: Foul Ball, location: 2F 2-2: Strikes out swinging
|
Batting: RHB Nick Wicker
|
0-0: Called Strike 0-1: Ball 1-1: Called Strike 1-2: Ball 2-2: DOUBLE (Groundball, 5L, EV 107.5 MPH)
|
Batting: RHB Justin Baldwin
|
0-0: Ball Wild Pitch! Nick Wicker to third 1-0: Ground out 6-3 (Groundball, 6M, EV 86.9 MPH) Nick Wicker scores
|
Batting: RHB Dave Crouch
|
0-0: SINGLE (Line Drive, 9S, EV 105.0 MPH)
|
Batting: RHB Matt Shepard
|
0-0: Called Strike Dave Crouch steals 2nd base 0-1: Ball 1-1: Ground out 1-3 (Groundball, 13S, EV 66.9 MPH)
|
Bottom of the 2nd over - 1 run, 2 hits, 0 errors, 1 left on base; Iowa 1 - Sacramento 1 |
TOP OF THE 3RD |
Iowa Cubs batting - Pitching for Sacramento River Cats : RHP Dave Crouch
|
Batting: SHB Seung-ho Zhang
|
0-0: Ball 1-0: Ball 2-0: Ball 3-0: Called Strike 3-1: Ground out 4-3 (Groundball, 4M, EV 85.6 MPH)
|
Batting: RHB Jon Aguilar
|
0-0: Ball 1-0: Foul Ball, location: 2F 1-1: Ball 2-1: SOLO HOME RUN (Flyball, 9D, EV 95.6 MPH), Distance : 381 ft
|
Batting: LHB Mark Ingram
|
0-0: Fly out, F3 (Popup, 3SF, EV 85.0 MPH)
|
Batting: RHB Ricardo Aguinaga
|
0-0: Ball 1-0: Ball 2-0: DOUBLE (Flyball, 78D, EV 112.5 MPH)
|
Batting: RHB Adam O'Hare
|
0-0: Ball 1-0: Fly out, F9 (Flyball, 89M, EV 91.9 MPH)
|
Top of the 3rd over - 1 run, 2 hits, 0 errors, 1 left on base; Iowa 2 - Sacramento 1 |
BOTTOM OF THE 3RD |
Sacramento River Cats batting - Pitching for Iowa Cubs : RHP Michele Montella
|
Batting: LHB Ryan Braden
|
0-0: Ball 1-0: Ground out 3-1 (Groundball, 34, EV 104.4 MPH)
|
Batting: LHB Mason Duffy
|
0-0: Foul Ball, location: 2F 0-1: Ball 1-1: SINGLE (Flyball, 3D, EV 90.0 MPH)
|
Batting: LHB Kevin Kantor
|
0-0: Called Strike Mason Duffy is caught stealing 2nd base 2-6 0-1: Reached on error, E6 (Groundball, 6M, EV 81.2 MPH)
|
Batting: LHB Willie Ceniceros
|
0-0: Ball 1-0: Ball 2-0: Fly out, F9 (Line Drive, 9, EV 86.9 MPH)
|
Bottom of the 3rd over - 0 runs, 1 hit, 1 error, 1 left on base; Iowa 2 - Sacramento 1 |
TOP OF THE 4TH |
Iowa Cubs batting - Pitching for Sacramento River Cats : RHP Dave Crouch
|
Batting: RHB Brian Gargis
|
0-0: Ball 1-0: Foul Ball, location: 2F 1-1: Ground out U3 (Groundball, 3L, EV 101.9 MPH)
|
Batting: RHB Ryan Walker
|
0-0: Ball 1-0: Ball 2-0: Ball 3-0: Called Strike 3-1: SINGLE (Groundball, 34D, EV 98.1 MPH)
|
Batting: RHB Pat Barton
|
0-0: Ball 1-0: Ball 2-0: Swinging Strike 2-1: Ball 3-1: Foul Ball, location: 2F 3-2: Base on Balls Ryan Walker to second
|
Batting: RHB Tony Mendez
|
0-0: Ball 1-0: Ball 2-0: Ball 3-0: Base on Balls Ryan Walker to third Pat Barton to second
|
Batting: SHB Seung-ho Zhang
|
0-0: Ball 1-0: Called Strike 1-1: Ball 2-1: Grounds into fielders choice 4-2 (Groundball, 4, EV 80.0 MPH) Pat Barton to third Tony Mendez to second
|
Batting: RHB Jon Aguilar
|
0-0: Called Strike 0-1: Called Strike 0-2: Strikes out swinging
|
Top of the 4th over - 0 runs, 1 hit, 0 errors, 3 left on base; Iowa 2 - Sacramento 1 |
BOTTOM OF THE 4TH |
Sacramento River Cats batting - Pitching for Iowa Cubs : RHP Michele Montella
|
Batting: LHB Jared Paige
|
0-0: Called Strike 0-1: Ball 1-1: Foul Ball, location: 2F 1-2: SINGLE (Groundball, 6, EV 97.5 MPH)
|
Batting: RHB Nick Wicker
|
0-0: Called Strike 0-1: Ball 1-1: Ball Jared Paige steals 2nd base 2-1: Swinging Strike 2-2: Ball 3-2: Fly out, F3 (Popup, 34S, EV 69.4 MPH)
|
Batting: RHB Justin Baldwin
|
0-0: Ball 1-0: Ball 2-0: Ground out U3 (Groundball, 3S, EV 83.8 MPH) Jared Paige to third
|
Batting: RHB Dave Crouch
|
0-0: Ball 1-0: Foul Ball, location: 2F 1-1: Ball 2-1: Ground out 6-3 (Groundball, 6MS, EV 87.5 MPH)
|
Bottom of the 4th over - 0 runs, 1 hit, 0 errors, 1 left on base; Iowa 2 - Sacramento 1 |
TOP OF THE 5TH |
Iowa Cubs batting - Pitching for Sacramento River Cats : RHP Dave Crouch
|
Batting: LHB Mark Ingram
|
0-0: Ball 1-0: Foul Ball, location: 2F 1-1: Ball 2-1: Ball 3-1: Foul Ball, location: 2F 3-2: Strikes out swinging
|
Batting: RHB Ricardo Aguinaga
|
0-0: Foul Ball, location: 2F 0-1: Ball 1-1: Fly out, F7 (Flyball, 7, EV 91.9 MPH)
|
Batting: RHB Adam O'Hare
|
0-0: Foul Ball, location: 2F 0-1: Ball 1-1: Foul Ball, location: 2F 1-2: Foul Ball, location: 2F 1-2: Foul Ball, location: 2F 1-2: Ball 2-2: Strikes out looking
|
Top of the 5th over - 0 runs, 0 hits, 0 errors, 0 left on base; Iowa 2 - Sacramento 1 |
BOTTOM OF THE 5TH |
Sacramento River Cats batting - Pitching for Iowa Cubs : RHP Michele Montella
|
Batting: RHB Matt Shepard
|
0-0: Ball 1-0: Fly out, F8 (Flyball, 8LXD, EV 106.9 MPH)
|
Batting: LHB Ryan Braden
|
0-0: Called Strike 0-1: Foul Ball, location: 2F 0-2: Foul Ball, location: 2F 0-2: Ground out U3 (Groundball, 3L, EV 99.4 MPH)
|
Batting: LHB Mason Duffy
|
0-0: Called Strike 0-1: Swinging Strike 0-2: Foul Ball, location: 2F 0-2: Ball 1-2: Ground out 6-3 (Groundball, 6, EV 89.4 MPH)
|
Bottom of the 5th over - 0 runs, 0 hits, 0 errors, 0 left on base; Iowa 2 - Sacramento 1 |
TOP OF THE 6TH |
Iowa Cubs batting - Pitching for Sacramento River Cats : RHP Dave Crouch
|
Batting: RHB Brian Gargis
|
0-0: Swinging Strike 0-1: Ball 1-1: Ball 2-1: Called Strike 2-2: Ground out 4-3 (Groundball, 4M, EV 94.4 MPH)
|
Batting: RHB Ryan Walker
|
0-0: Ball 1-0: Ball 2-0: Ball 3-0: Called Strike 3-1: Base on Balls
|
Batting: RHB Pat Barton
|
0-0: Fielders Choice at 2nd, 3-6 (Groundball, 34, EV 100.6 MPH)
|
Batting: RHB Tony Mendez
|
0-0: Ball Pat Barton steals 2nd base 1-0: SINGLE (Flyball, 3D, EV 95.0 MPH) Pat Barton to third Runner from 3rd tries for Home, SAFE, throw by RF to home
|
Pitching: RHP Doug Kennie
|
|
Batting: SHB Seung-ho Zhang
|
0-0: Ball Tony Mendez is caught stealing 2nd base 2-6
|
Top of the 6th over - 1 run, 1 hit, 0 errors, 0 left on base; Iowa 3 - Sacramento 1 |
BOTTOM OF THE 6TH |
Sacramento River Cats batting - Pitching for Iowa Cubs : RHP Michele Montella
|
Batting: LHB Kevin Kantor
|
0-0: Ball 1-0: Ball 2-0: Ball 3-0: Foul Ball, location: 2F 3-1: Ground out U3 (Groundball, 3, EV 81.9 MPH)
|
Batting: LHB Willie Ceniceros
|
0-0: SOLO HOME RUN (Flyball, 9D, EV 98.1 MPH), Distance : 383 ft
|
Batting: LHB Jared Paige
|
0-0: Foul Ball, location: 2F 0-1: Ball 1-1: Foul Ball, location: 2F 1-2: Ball 2-2: Strikes out swinging
|
Batting: RHB Nick Wicker
|
0-0: Foul Ball, location: 2F 0-1: Ball 1-1: SINGLE (Groundball, 56D, EV 95.6 MPH)
|
Batting: RHB Justin Baldwin
|
0-0: Ball Nick Wicker steals 2nd base (no throw) 1-0: SINGLE (Groundball, 56D, EV 101.9 MPH) Nick Wicker to third Runner from 3rd tries for Home, SAFE, throw by LF to home Justin Baldwin to second
|
Batting: RHB Dave Crouch
|
0-0: Fly out, F9 (Flyball, 9S, EV 86.9 MPH)
|
Bottom of the 6th over - 2 runs, 3 hits, 0 errors, 1 left on base; Iowa 3 - Sacramento 3 |
TOP OF THE 7TH |
Iowa Cubs batting - Pitching for Sacramento River Cats : RHP Doug Kennie
|
Batting: SHB Seung-ho Zhang
|
0-0: Called Strike 0-1: Called Strike 0-2: Strikes out swinging
|
Batting: RHB Jon Aguilar
|
0-0: Foul Ball, location: 2F 0-1: Called Strike 0-2: Ground out 3-1 (Groundball, 34S, EV 85.0 MPH)
|
Batting: LHB Mark Ingram
|
0-0: Called Strike 0-1: SOLO HOME RUN (Flyball, 89XD, EV 111.2 MPH), Distance : 425 ft
|
Batting: RHB Ricardo Aguinaga
|
0-0: Foul Ball, location: 2F 0-1: Ball 1-1: Swinging Strike 1-2: Ball 2-2: Strikes out swinging
|
Top of the 7th over - 1 run, 1 hit, 0 errors, 0 left on base; Iowa 4 - Sacramento 3 |
BOTTOM OF THE 7TH |
Sacramento River Cats batting - Pitching for Iowa Cubs : RHP Michele Montella
|
Batting: RHB Matt Shepard
|
0-0: Called Strike 0-1: Foul Ball, location: 2F 0-2: Ball 1-2: Strikes out swinging
|
Batting: LHB Ryan Braden
|
0-0: SINGLE (Groundball, 4MD, EV 96.2 MPH)
|
Batting: LHB Mason Duffy
|
0-0: Called Strike Ryan Braden steals 2nd base 0-1: Swinging Strike 0-2: Foul Ball, location: 2F 0-2: Ball 1-2: Strikes out swinging
|
Pitching: LHP Bill Esten
|
|
Pinch Hitting: RHB Bill Defazio
|
0-0: Ball 1-0: Ball 2-0: Fly out, F8 (Flyball, 8LS, EV 73.1 MPH)
|
Bottom of the 7th over - 0 runs, 1 hit, 0 errors, 1 left on base; Iowa 4 - Sacramento 3 |
TOP OF THE 8TH |
Iowa Cubs batting - Pitching for Sacramento River Cats : RHP Doug Kennie
|
Now at 1B: Frank Pena
|
|
Batting: RHB Adam O'Hare
|
0-0: Called Strike 0-1: Foul Ball, location: 2F 0-2: Strikes out swinging
|
Batting: RHB Brian Gargis
|
0-0: Ball 1-0: Ball 2-0: Called Strike 2-1: Foul Ball, location: 2F 2-2: Ball 3-2: SINGLE (Groundball, 6D, EV 110.0 MPH)
|
Batting: RHB Ryan Walker
|
0-0: Called Strike Brian Gargis steals 2nd base 0-1: Swinging Strike 0-2: Ball 1-2: Ball 2-2: DOUBLE (Line Drive, 89D, EV 96.2 MPH) Brian Gargis scores
|
Batting: RHB Pat Barton
|
0-0: Foul Ball, location: 2F 0-1: Ball 1-1: Ball 2-1: Ball 3-1: Called Strike 3-2: DOUBLE (Flyball, 8RXD, EV 100.0 MPH) Ryan Walker scores
|
Pitching: LHP Jimmy Heinecke
|
|
Batting: RHB Tony Mendez
|
0-0: Ball 1-0: SINGLE (Groundball, 56, EV 102.5 MPH) Pat Barton to third
|
Batting: SHB Seung-ho Zhang
|
0-0: Called Strike Tony Mendez steals 2nd base 0-1: Foul Ball, location: 2F 0-2: Ball 1-2: Strikes out swinging
|
Batting: RHB Jon Aguilar
|
0-0: Intentional Walk
|
Batting: LHB Mark Ingram
|
0-0: Ball 1-0: Foul Ball, location: 2F 1-1: Foul Ball, location: 2F 1-2: Foul Ball, location: 2F 1-2: Strikes out swinging
|
Top of the 8th over - 2 runs, 4 hits, 0 errors, 3 left on base; Iowa 6 - Sacramento 3 |
BOTTOM OF THE 8TH |
Sacramento River Cats batting - Pitching for Iowa Cubs : LHP Bill Esten
|
Batting: LHB Willie Ceniceros
|
0-0: Foul Ball, location: 2F 0-1: Ball 1-1: Fly out, F9 (Flyball, 9LS, EV 98.8 MPH)
|
Pinch Hitting: RHB Hugo Zacarias
|
0-0: Ball 1-0: Ball 2-0: Ground out 6-3 (Groundball, 6S, EV 62.5 MPH)
|
Batting: RHB Nick Wicker
|
0-0: Ball 1-0: Called Strike 1-1: Fly out, F7 (Flyball, 7S, EV 90.0 MPH)
|
Bottom of the 8th over - 0 runs, 0 hits, 0 errors, 0 left on base; Iowa 6 - Sacramento 3 |
TOP OF THE 9TH |
Iowa Cubs batting - Pitching for Sacramento River Cats : LHP Jimmy Heinecke
|
Now in LF: Hugo Zacarias
|
|
Batting: RHB Ricardo Aguinaga
|
0-0: Ball 1-0: Ball 2-0: Foul Ball, location: 2F 2-1: Ball 3-1: Base on Balls
|
Batting: RHB Adam O'Hare
|
0-0: Called Strike 0-1: Called Strike 0-2: Ball 1-2: Ball 2-2: Ball 3-2: 2-RUN HOME RUN (Flyball, 9LD, EV 96.2 MPH), Distance : 345 ft
|
Batting: RHB Brian Gargis
|
0-0: Ball 1-0: Called Strike 1-1: Ball 2-1: Called Strike 2-2: SINGLE (Groundball, 6MD, EV 106.9 MPH)
|
Batting: RHB Ryan Walker
|
0-0: Swinging Strike 0-1: Ball 1-1: Swinging Strike 1-2: Foul Ball, location: 2F 1-2: Strikes out swinging
|
Batting: RHB Pat Barton
|
0-0: Called Strike 0-1: Foul Ball, location: 2F 0-2: Foul Ball, location: 2F 0-2: Strikes out looking
|
Pitching: LHP Mike del Rio
|
|
Batting: RHB Tony Mendez
|
0-0: Called Strike Brian Gargis is caught stealing 2nd base 2-4
|
Top of the 9th over - 2 runs, 2 hits, 0 errors, 0 left on base; Iowa 8 - Sacramento 3 |
BOTTOM OF THE 9TH |
Sacramento River Cats batting - Pitching for Iowa Cubs : LHP Bill Esten
|
Batting: RHB Justin Baldwin
|
0-0: Swinging Strike 0-1: Foul Ball, location: 2F 0-2: Ball 1-2: Ball 2-2: Ball 3-2: SINGLE (Groundball, 6M, EV 91.9 MPH) (infield hit)
|
Batting: RHB Dave Crouch
|
0-0: Ball 1-0: Ball 2-0: SINGLE (Flyball, 8LS, EV 85.0 MPH) Justin Baldwin to second
|
Batting: RHB Matt Shepard
|
0-0: Swinging Strike 0-1: Foul Ball, location: 2F 0-2: Strikes out looking
|
Pinch Hitting: RHB Brian Rogers
|
0-0: Ball 1-0: Foul Ball, location: 2F 1-1: Ball 2-1: SINGLE (Flyball, 89S, EV 98.1 MPH) Justin Baldwin to third Dave Crouch to second
|
Batting: LHB Mason Duffy
|
0-0: Ball Wild Pitch! Justin Baldwin scores Dave Crouch to third Brian Rogers to second 1-0: Called Strike 1-1: Called Strike 1-2: Ball 2-2: Ground out 5-3 (Groundball, 56S, EV 81.2 MPH)
|
Pitching: RHP Josh Ready
|
|
Pinch Hitting: LHB Terry Ebersole
|
0-0: Ball 1-0: Ball 2-0: Ball 3-0: Base on Balls
|
Batting: LHB Willie Ceniceros
|
0-0: Fly out, F8 (Flyball, 8RD, EV 104.4 MPH)
|
Bottom of the 9th over - 1 run, 3 hits, 0 errors, 3 left on base; Iowa 8 - Sacramento 4 |
|